 Dungeon Crawl Stone Soup version 0.30-a0-169-g06f667207d (webtiles) character file.

Game seed: 215139702170726379

88 qw the Chopper (level 4, -4/28 HPs)
             Began as a Gargoyle Fighter on Sept 29, 2022.
             Killed by divine providence
             ... invoked by an orc priest
              (14 damage)
             ... on level 3 of the Dungeon.
             The game lasted 00:00:53 (2425 turns).

qw the Chopper (Gargoyle Fighter)                   Turns: 2425, Time: 00:00:54

Health: -4/28      AC: 12    Str: 22    XL:     4   Next: 53%
Magic:  4/4        EV:  9    Int:  8    God:
Gold:   86         SH:  4    Dex:  9    Spells: 3/3 levels left

rFire   . . .      SeeInvis .    Y - +0 war axe
rCold   . . .      Faith    .    c - +0 buckler
rNeg    + . .      Spirit   .    b - +0 scale mail
rPois   inf        Reflect  .    (no helmet)
rElec   +          Harm     .    n - +0 cloak {rCorr}
rCorr   +          Rampage  .    j - +0 pair of gloves
Will    .....                    (no boots)
Stlth   ..........               (no amulet)
HPRegen 0.09/turn                (no ring)
MPRegen 0.09/turn                (no ring)

@: no status effects
A: sickness immunity, AC +3, negative energy resistance 1, electricity
resistance, torment resistance 1, petrification resistance
a: no special abilities


You were on level 3 of the Dungeon.
You visited 1 branch of the dungeon, and saw 4 of its levels.

You collected 86 gold pieces.


Innate Abilities, Weirdness & Mutations

You are immune to sickness and miasma.
Your stone body is resilient. (AC +3)
You are immune to poison.
You resist negative energy. (rN+)
You are resistant to electric shocks. (rElec)
You are resistant to unholy torment.
You are immune to petrification.


   Skills:
 - Level 3.2 Fighting
 + Level 4.2 Axes
 - Level 3.2 Armour
 - Level 3.2 Shields


You had 3 spell levels left.
You didn't know any spells.
Your spell library was empty.

Inventory:

Hand Weapons
 m - a +0 flail
 Y - a +0 war axe (weapon)
Armour
 b - a +0 scale mail (worn)
 c - a +0 buckler (worn)
 j - a +0 pair of gloves (worn)
 n - a +0 cloak of preservation (worn)
Scrolls
 h - a scroll of teleportation
 o - a scroll of identify
Potions
 a - a potion of curing
 d - 3 potions of might
 e - a potion of attraction
 f - a potion of haste {unknown}
 i - a potion of magic {unknown}
 k - a potion of brilliance {unknown}
 l - a potion of lignification {unknown}
 p - 3 potions of mutation {unknown}

Dungeon Overview and Level Annotations

Branches:
Dungeon (4/15)
 Temple: D:4-7

Altars:


Message History

The orc hits you but does no damage.
The orc priest mumbles some strange prayers to Beogh against you.
Beogh smites you!
The orc wizard gestures at you while chanting.
The magic dart hits you but does no damage.
You block the orc's attack.
The orc priest calls upon Beogh to heal the orc wizard.
The orc wizard is healed somewhat.
The orc wizard hits you but does no damage.
The orc hits you but does no damage.
You closely miss the orc.
The orc is severely wounded.
You closely miss the orc. You closely miss the orc wizard.
The orc wizard hits you but does no damage.
The orc priest calls upon Beogh to heal the orc.
The orc's wounds heal themselves!
The orc hits you but does no damage.
You closely miss the orc wizard.
The orc wizard is lightly wounded.
You hit the orc. You barely miss the orc. The orc closely misses you.
The orc wizard hits you with a +0 dagger.
You block the orc's attack.
You closely miss the orc.
The orc is moderately wounded.
You closely miss the orc. You barely miss the orc wizard.
You barely miss the rat. You block the orc's attack.
The rat bites you but does no damage.
The orc wizard hits you but does no damage.
The orc barely misses you. The orc hits you but does no damage.
The orc wizard hits you with a +0 dagger.
The rat bites you but does no damage.
You barely miss the orc.
The orc is moderately wounded.
You barely miss the orc wizard. You closely miss the rat.
You closely miss the orc. The orc hits you with a +0 hand axe.
The orc priest mumbles some strange prayers to Beogh against you.
Beogh smites you!
Ouch! That really hurt!
You die...

.................
................. ......
................. ......
........######### ......
........# #......
........# ##.......
.....#### #o.......
####...### ###ooo.....
.........#####..@o......
.................r.>....
........#.####.##.#[####
######..#.# ......# #
#..#.#.##.##.# #..#.#
#.# ... #..... #.# ##..
.....# #.# # .....# .#


You could see an orc priest, an orc wizard, 3 orcs and a rat.

Vanquished Creatures
  3 adders
  A worm (D:2)
  2 dart slugs (D:1)
  An orc (D:4)
  2 bats
  6 endoplasms
  3 giant cockroaches
  7 goblins
  4 hobgoblins
  5 kobolds
  7 ball pythons
  4 frilled lizards
  2 rats (D:1)
47 creatures vanquished.

Notes
Turn   | Place    | Note
-------+----------+-------------------------------------------
     0 | D:1      | qw the Gargoyle Fighter began the quest for the Orb.
     0 | D:1      | Reached XP level 1. HP: 14/14 MP: 1/1
     0 | D:1      | 0 ||| qw: Version: 0.2-a-12-gaebbb33
     0 | D:1      | 0 ||| qw: Game counter: 1301
     0 | D:1      | 0 ||| qw: Always use a shield: true
     0 | D:1      | 0 ||| qw: God list: Okawaru
     0 | D:1      | 0 ||| qw: Allow faded altars: false
     0 | D:1      | 0 ||| qw: Do Orc after D:15 true
     0 | D:1      | 0 ||| qw: Do second Lair branch before Depths: true
     0 | D:1      | 0 ||| qw: Lair rune preference: random
     0 | D:1      | 0 ||| qw: Plans: Normal, Zot:1-4, God:TSO, Crypt, Tomb,
                  | Pan, Slime:5, Hells, Abyss, Orb
     0 | D:1      | 0 ||| PLANNING D:1-11
     7 | D:1      | 7 ||| Stepping ~*~*~tactically~*~*~ (stealth).
     9 | D:1      | 9 ||| Stepping ~*~*~tactically~*~*~ (stealth).
    32 | D:1      | 32 ||| Stepping ~*~*~tactically~*~*~ (stealth).
    41 | D:1      | Reached skill level 2 in Axes
    77 | D:1      | Reached XP level 2. HP: 11/19 MP: 2/2
   468 | D:1      | 468 ||| Stepping ~*~*~tactically~*~*~ (stealth).
   470 | D:1      | 470 ||| Stepping ~*~*~tactically~*~*~ (stealth).
   603 | D:1      | 603 ||| DROPPING +0 club.
   833 | D:1      | Reached skill level 3 in Axes
   964 | D:1      | Reached XP level 3. HP: 19/23 MP: 3/3
  1247 | D:1      | 1247 ||| Stepping ~*~*~tactically~*~*~ (stealth).
  1259 | D:1      | Found a faded altar of an unknown god.
  1410 | D:1      | 1410 ||| READING scroll labelled CIJIAF JUTEWN.
  1411 | D:1      | 1411 ||| DRINKING 2 yellow potions.
  1744 | D:2      | 1744 ||| Stepping ~*~*~tactically~*~*~ (stealth).
  1745 | D:2      | 1745 ||| Stepping ~*~*~tactically~*~*~ (stealth).
  1822 | D:2      | 1822 ||| Stepping ~*~*~tactically~*~*~ (stealth).
  2052 | D:2      | Reached XP level 4. HP: 28/28 MP: 4/4
  2147 | D:2      | You fall into a shaft and drop 2 floors!
  2161 | D:4      | Reached skill level 4 in Axes
  2245 | D:4      | 2245 ||| UPGRADING to +0 pair of gloves.
  2250 | D:4      | 2250 ||| UPGRADING to +0 cloak of preservation.
  2255 | D:4      | 2255 ||| READING 2 scrolls labelled LERUANAATRA.
  2264 | D:4      | 2264 ||| READING scroll labelled JEMISKUESH.
  2265 | D:4      | 2265 ||| READING scroll labelled HEIXAOWNUR.
  2314 | D:4      | 2314 ||| Stepping ~*~*~tactically~*~*~ (stealth).
  2316 | D:4      | 2316 ||| Stepping ~*~*~tactically~*~*~ (stealth).
  2325 | D:4      | 2325 ||| FLEEEEING.
  2326 | D:4      | 2326 ||| FLEEEEING.
  2327 | D:4      | 2327 ||| FLEEEEING.
  2328 | D:4      | 2328 ||| FLEEEEING.
  2338 | D:4      | 2338 ||| READING 2 scrolls of identify.
  2338 | D:4      | 2338 ||| IDENTIFYING lumpy silvery potion
  2397 | D:3      | 2397 ||| DROPPING +0 whip.
  2425 | D:3      | Killed from afar by an orc priest

Levels and vault maps discovered:
D:1:      mushboom_english_gardens, layout_basic,
          ebering_ecumenical_altar_petrified, st_stairs_8
D:2:      layout_basic, chequers_serial_rivers_small_3,
          kennysheep_cluttered_room, minmay_ruptured
D:3:      corexii_shack_village, layout_basic
D:4:      layout_basic, hangedman_decor_points, roderic_roman_lattice,
          nicolae_shop_i_like_big_books

Skill      XL: |  1  2  3  4 |
---------------+-------------+-----
Axes           | 2 3 4 |  4.2
Fighting       | |  3.2
Armour         | |  3.2
Shields        | |  3.2

Action                   |  1- 3 |  4- 6 || total
-------------------------+-------+-------++-------
Melee: War axe           |   122 |    40 ||   162
  Use: Scroll            |     1 |     4 ||     5
       Potion            |     1 |       ||     1
Armor: Scale mail        |    51 |    29 ||    80
Dodge: Dodged            |    45 |    20 ||    65
Block: Buckler           |    21 |     9 ||    30

Table legend:
 A = Non-vault XP
 B = Vault XP
 C = Vault XP percentage of total XP
 D = Non-vault monster count
 E = Vault monster count
 F = Vault count percentage of total count
                 A         B        C        D         E       F
            +---------+---------+-------+---------+---------+-------
      Total |     120 |       6 |   4.8 |      44 |       3 |   6.4
            +---------+---------+-------+---------+---------+-------
        D:1 |      44 |       2 |   4.3 |      23 |       1 |   4.2
        D:2 |      47 |       4 |   7.8 |      12 |       2 |  14.3
        D:3 |       2 |       0 |   0.0 |       1 |       0 |   0.0
        D:4 |      27 |       0 |   0.0 |       8 |       0 |   0.0
            +---------+---------+-------+---------+---------+-------
